Map: Orbital Shipyard

Players

Lamanite

  • Race: Protoss Protoss
  • League: Silver

LilDicky - Winner!

  • Race: Terran Terran
  • League: Diamond

VOD

http://www.twitch.tv/tumescentpie

Description

Time

  • Played on: Dec. 11, 2015, 4:01 p.m.
  • Length: 2:10
Show
View Real Time Build Order
Export as new Build Order

Lamanite Protoss 

Build Orders:  

Get SALT Encoding   

  12  0:01  Probe (Chrono Boost)  
  13  0:11  Probe (Chrono Boost)  
  14  0:22  Probe (Chrono Boost)  
  15  0:30  Pylon  
  15  0:46  Pylon  
  15  0:48  Probe (Chrono Boost)  
  16  1:14  Forge  
  16  1:27  Gateway  
  16  1:30  Gateway  
Show
View Real Time Build Order
Export as new Build Order

LilDicky Terran - Winner!

Build Orders:  

Get SALT Encoding   

  12  0:03  SCV  
  13  0:15  SCV  
  13  0:20  Supply Depot  
  14  0:27  SCV  
  15  0:31  Refinery  
  15  0:41  SCV  
  16  0:46  Barracks  
  16  1:21  SCV  
  17  1:35  Marine  
  18  1:47  Supply Depot  
  18  1:49  Factory  
Tags
 
Add a new tag
Caveats
  • Supply blocks, unpowered buildings, or Contaminate may cause inaccurate times.
  • Supply counts are checked every 10 seconds.